 Dungeon Crawl Stone Soup version 0.27-a0-291-gd9602db6ee (webtiles) character file.

Game seed: 14738183230140161666

37 mobtown the Purveyor of Pain (level 3, -1/19 HPs)
             Began as a Deep Elf Necromancer on Feb 9, 2021.
             Was an Initiate of Kikubaaqudgha.
             Slain by a vampire bat (2 damage)
             ... on level 2 of the Dungeon.
             The game lasted 00:03:59 (1951 turns).

mobtown the Purveyor of Pain (Deep Elf Necromancer) Turns: 1951, Time: 00:04:00

Health: -1/19      AC:  2    Str:  5    XL:     3   Next: 23%
Magic:  10/10      EV: 13    Int: 20    God:    Kikubaaqudgha [......]
Gold:   23         SH:  0    Dex: 15    Spells: 4/9 levels left

rFire    . . .     SeeInvis +   g - +1 dagger (elec)
rCold    . . .     Faith    .   (no shield)
rNeg     . . .     Spirit   .   a - +0 robe
rPois    .         Reflect  .   (no helmet)
rElec    .         Harm     .   (no cloak)
rCorr    .         Rampage  .   (no gloves)
Will     .....                  (no boots)
Stlth    ++........             (no amulet)
HPRegen  0.06/turn              c - ring of see invisible
MPRegen  0.12/turn              (no ring)

@: brilliant
A: no striking features
a: Renounce Religion


You were on level 2 of the Dungeon.
You worshipped Kikubaaqudgha.
Kikubaaqudgha was noncommittal.
You visited 1 branch of the dungeon, and saw 2 of its levels.

You collected 23 gold pieces.

Inventory:

Hand Weapons
 g - a +1 dagger of electrocution (weapon)
Missiles
 b - 36 arrows
 e - 54 stones
Armour
 a - a +0 robe (worn)
Jewellery
 c - a ring of see invisible (left hand)
Scrolls
 h - a scroll of remove curse {unknown}
 i - a scroll of random uselessness {unknown}
 k - a scroll of teleportation {unknown}
 l - a scroll of enchant armour {unknown}
Potions
 f - a potion of curing {unknown}
 j - a potion of haste {unknown}


   Skills:
 + Level 0.1 Short Blades
 + Level 2.7 Dodging
 + Level 2.6 Stealth
 + Level 3.6 Spellcasting
 * Level 5.6 Necromancy


You had 4 spell levels left.
You knew the following spells:

 Your Spells              Type           Power        Failure   Level
a - Pain                  Necr           100%         1%          1
b - Animate Skeleton      Necr           78%          1%          1
c - Vampiric Draining     Necr           19%          4%          3

Your spell library contained the following spells:

 Spells                   Type           Power        Failure   Level
 Animate Dead             Necr           19%          13%         4
 Agony                    Necr           39%          36%         5


Dungeon Overview and Level Annotations

Branches:
Dungeon (2/15)

Altars:
Kikubaaqudgha
Vehumet


Message History

The vampire bat draws strength from your injuries!
The bat zombie barely misses you.
Casting: Pain (safe; 1% risk of failure)
Confirm with . or Enter, or press ? or * to list all spells.
The spell is quite dangerous to cast (4% risk of failure)!
Continue anyway?
Aiming: Vampiric Draining (quite dangerous; 4% risk of failure)
Press: ? - help, Shift-Dir - straight line, f - vampire bat
Aim: a vampire bat You can't drain life from that!
It was a potion of brilliance.
You feel clever all of a sudden. The bat skeleton misses you.
The bat zombie barely misses you. The vampire bat bites you.
* * * LOW HITPOINT WARNING * * *
The vampire bat draws strength from your injuries!
The bat skeleton barely misses you. The bat zombie hits you.
* * * LOW HITPOINT WARNING * * *
The vampire bat barely misses you. The vampire bat bites you.
You die...
Kikubaaqudgha rasps: "You have failed me!
Welcome... death!"

#######
##.#.#.######
##.⌠.#.⌠.#...##
##.#.#.#.#.#.#.##
#.[.#.⌠.#.⌠.#.⌠.###
#⌠.Z.#.#.#.#.#..'.#
#.@Z..#.⌠.#.⌠.#.'.#
#⌠bb.#.#.#.#.#..'.#
#...#.⌠.#.⌠.#.⌠.#..
##.#.#.#.#.#.#.##.#
##.⌠.#.⌠.#...###.#
##.#.#.###### #.#
####### ###.#
###.#.. #...#..


You could see 2 vampire bats, a bat zombie and a bat skeleton.

Vanquished Creatures
  An ooze (D:1)
  A bat skeleton (D:2)
  3 bat zombies (D:2)
  4 giant cockroaches
  3 goblins
  3 hobgoblins (D:1)
  A ball python (D:2)
  5 bats
  2 frilled lizards (D:1)
  3 kobolds (D:1)
  4 rats
30 creatures vanquished.

Notes
Turn   | Place    | Note
-------+----------+-------------------------------------------
     0 | D:1      | mobtown the Deep Elf Necromancer began the quest for the
                  | Orb.
     0 | D:1      | Reached XP level 1. HP: 10/10 MP: 6/6
   520 | D:1      | Reached skill level 5 in Necromancy
   689 | D:1      | Reached XP level 2. HP: 12/15 MP: 5/8
  1689 | D:2      | Reached XP level 3. HP: 19/19 MP: 10/10
  1691 | D:2      | Learned a level 1 spell: Animate Skeleton
  1695 | D:2      | Learned a level 3 spell: Vampiric Draining
  1724 | D:2      | Found a radiant altar of Vehumet.
  1939 | D:2      | Found an ancient bone altar of Kikubaaqudgha.
  1950 | D:2      | Became a worshipper of Kikubaaqudgha
  1951 | D:2      | Slain by a vampire bat

Illustrated notes

Levels and vault maps discovered:
D:1:      amcnicky_arrival_feature_with_door, layout_loops_corners,
          solitary_fountain
D:2:      layout_loops_cross, lemuel_round_altar, lemuel_doored_altar,
          kennysheep_vampire_church, minmay_pentomino_o4

Skill      XL: |  1 |
---------------+----+-----
Necromancy     | 5 |  5.6
Short Blades   | |  0.1
Dodging        | |  2.7
Stealth        | |  2.6
Spellcasting   | |  3.6

Action                   || total
-------------------------++-------
Melee: Dagger            ||    23
 Cast: Pain              ||    37
  Use: Potion            ||     1
 Stab: Sleeping          ||     2
Armor: Robe              ||    23
Dodge: Dodged            ||    74

Table legend: (Time is in decaauts)
 A = Elapsed time spent in this place.
 B = Non-inter-level travel time spent in this place.
 C = Inter-level travel time spent in this place.
 D = Time resting spent in this place.
 E = Time spent auto-exploring this place.
 F = Levels seen in this place.
 G = Mean time per level.
                   A        B        C        D        E       F      G
               +--------+--------+--------+--------+--------+-----+--------+
         Total |   1949 |   1949 |      0 |     57 |   1700 |   2 |  974.5 |
       Dungeon |   1949 |   1949 |      0 |     57 |   1700 |   2 |  974.5 |
               +--------+--------+--------+--------+--------+-----+--------+

Top non-repeatable levels by time:
     D:1: 1660 daAuts
     D:2: 289 daAuts
